 Dungeon Sprint DCSS version 0.29-a0-337-g68df138881 (webtiles) character file.

Game seed: 8757623963676466897

7964 mhtbhm the Fencer (level 11, -2/154 HPs)
             Began as a Human Berserker on Apr 16, 2022.
             Was the Champion of Trog.
             Slain by a sun demon (17 damage)
             ... summoned by an orc high priest
             ... in the Dungeon (Sprint IX: "|||||||||||||||||||||||||||||").
             The game lasted 00:02:29 (2553 turns).

mhtbhm the Fencer (Human Berserker)                 Turns: 2553, Time: 00:02:29

Health: -2/154     AC:  7    Str: 24    XL:     11   Next: 47%
Magic:  11/11      EV: 12    Int:  7    God:    Trog [******]
Gold:   43         SH:  0    Dex: 14    Spells: 10/10 levels left

rFire   . . .      SeeInvis .   a - +1 great sword (flame)
rCold   . . .      Faith    .   (shield currently unavailable)
rNeg    . . .      Spirit   .   b - +1 chain mail
rPois   .          Reflect  .   u - +0 helmet
rElec   .          Harm     .   l - +0 cloak
rCorr   .          Rampage  .   k - +0 pair of gloves
Will    .....      NoTele   +   (no boots)
Stlth   ..........              (no amulet)
HPRegen 0.35/turn               m - +2 ring of protection
MPRegen 0.12/turn               n - +3 ring of strength

@: berserking, corroded, very quick
A: no striking features
a: Renounce Religion, Berserk, Trog's Hand, Brothers in Arms


You were in the Dungeon.
You worshipped Trog.
Trog was exalted by your worship.
You visited 1 branch You collected 43 gold pieces.

Inventory:

Hand Weapons
 a - a +1 great sword of flaming (weapon)
 o - a +0 scimitar of flaming
Armour
 b - a +1 chain mail (worn)
 k - a +0 pair of gloves (worn)
 l - a +0 cloak (worn)
 u - a +0 helmet (worn)
Jewellery
 m - a +2 ring of protection (left hand)
 n - a +3 ring of strength (right hand)
Wands
 j - a wand of acid (4)
Scrolls
 h - 2 scrolls of blinking
 q - 2 scrolls of identify
 r - a scroll of fear
 s - 2 scrolls of enchant armour
 t - a scroll of fog
Potions
 c - 6 potions of curing
 d - 5 potions of heal wounds
 e - a potion of haste
 f - 4 potions of magic
 g - 2 potions of berserk rage
 i - a potion of invisibility
 p - a potion of resistance


   Skills:
 + Level 15.5 Fighting
 + Level 17.0 Long Blades
 + Level 11.2 Armour
 + Level 8.6 Dodging
 + Level 4.0 Stealth
 + Level 3.9 Evocations


You had 10 spell levels left.
You didn't know any spells.
Your spell library was empty.

Dungeon Overview and Level Annotations

Branches:
Dungeon (1/1)

Altars:
Cheibriados
Dithmenos
Elyvilon
Fedhas
Gozag
Hepliaklqana
Kikubaaqudgha
Makhleb
Nemelex Xobeh
Okawaru
Qazlal
Ru
Sif Muna
Trog
Uskayaw
Vehumet
Wu Jian
Xom
Yredelemnul
Zin
The Shining One
Beogh
Jiyva
Lugonu


Message History

You completely miss the rust devil.
The rust devil is severely wounded.
The rust devil closely misses you. The hellwing completely misses you.
The hellwing misses you.
You slice the rust devil!!
You feel the power of Trog in you as your rage grows.
You kill the rust devil!
The rust devil disappears in a puff of smoke!
The orc high priest prays to Beogh.
The hellwing hits you! The hellwing closely misses you.
You slash the sun demon!
The sun demon is lightly wounded.
You slash the sun demon!
The sun demon is heavily wounded.
The sun demon hits you but does no damage.
The orc high priest prays to Beogh.
The hellwing closely misses you. The hellwing hits you.
You hit the sun demon.
The sun demon is heavily wounded.
The sun demon hits you!!
You are engulfed in flames!
You hit the sun demon but do no damage.
The sun demon is heavily wounded.
The hellwing hits you.
The hellwing hits you but does no damage.
You slash the sun demon!
The sun demon is severely wounded.
The sun demon hits you!
You are engulfed in flames!
* * * LOW HITPOINT WARNING * * *
You hit the sun demon but do no damage.
The sun demon is severely wounded.
The hellwing hits you.
* * * LOW HITPOINT WARNING * * *
The hellwing hits you!
* * * LOW HITPOINT WARNING * * *
You closely miss the sun demon.
The sun demon is severely wounded.
The sun demon hits you!
* * * LOW HITPOINT WARNING * * *
You are engulfed in flames!
You die...

▓'▓.▓!▓.▓.▓
▓)▓.▓.▓.▓.▓
▓†▓.▓.▓.▓.▓
▓.▓.▓.▓.▓)▓
▓.▓.▓)▓.▓$▓
▓.▓.▓[▓.▓)▓
▓'▓.▓.▓.▓)▓
▓_▓.▓.▓.▓4▓
▓_▓.▓.▓.▓@▓
▓_▓.▓.▓.▓3▓
▓_▓.▓.▓.▓o▓
▓_▓.▓)▓.▓o▓
▓_▓.▓÷▓.▓3▓
▓_▓.▓.▓.▓{▓
▓_▓.▓÷▓.▓.▓
▓_▓.▓.▓.▓.▓
▓_▓.▓.▓.▓


You could see an orc high priest, 2 sun demons, a hellwing (summoned) and an
orc.

Vanquished Creatures
  Josephine (D)
  A lindwurm (D)
  A gargoyle (D)
  2 cane toads (D)
  4 komodo dragons (D)
  A rime drake (D)
  An efreet (D)
  2 polar bears (D)
  3 tyrant leeches (D)
  A slime creature (D)
  A blink frog (D)
  6 wraiths (D)
  A shadow (D)
  2 yaks (D)
  A vampire mosquito (D)
  5 water moccasins (D)
  A black bear (D)
  A kobold brigand (D)
  2 bullfrogs (D)
  A gnoll sergeant (D)
  2 scorpions (D)
  An iguana (D)
  An orc wizard (D)
  4 worms (D)
  10 orcs (D)
  2 endoplasms (D)
  A hobgoblin (D)
  A quokka (D)
  A goblin (D)
  A kobold (D)
62 creatures vanquished.

Vanquished Creatures (collateral kills)
  A guardian serpent (shapeshifter) (D)
  A tengu conjurer (D)
2 creatures vanquished.

Grand Total: 64 creatures vanquished

Notes
Turn   | Place    | Note
-------+----------+-------------------------------------------
     0 | D        | mhtbhm the Human Berserker began the quest for the Orb.
     0 | D        | Reached XP level 1. HP: 18/18 MP: 1/1
    12 | D        | Reached ** piety under Trog
    58 | D        | Noticed an iguana
    58 | D        | Noticed a scorpion
    58 | D        | Noticed a scorpion
    66 | D        | Reached skill level 4 in Long Blades
    66 | D        | Reached XP level 2. HP: 25/25 MP: 2/2
    70 | D        | Reached *** piety under Trog
    71 | D        | Reached skill level 5 in Long Blades
    71 | D        | Reached XP level 3. HP: 11/32 MP: 3/3
    74 | D        | Killed a scorpion
    75 | D        | Reached skill level 6 in Long Blades
    75 | D        | Reached XP level 4. HP: 11/40 MP: 4/4
    79 | D        | HP: 2/40 [scorpion (3)]
    80 | D        | Killed a scorpion
    81 | D        | Reached skill level 7 in Long Blades
    81 | D        | Reached XP level 5. HP: 3/47 MP: 5/5
   252 | D        | Found a snail-covered altar of Cheibriados.
   252 | D        | Found a shadowy altar of Dithmenos.
   252 | D        | Found a white marble altar of Elyvilon.
   252 | D        | Found a blossoming altar of Fedhas.
   252 | D        | Found an opulent altar of Gozag.
   253 | D        | Found a hazy altar of Hepliaklqana.
   254 | D        | Found a viscous altar of Jiyva.
   255 | D        | Found an ancient bone altar of Kikubaaqudgha.
   256 | D        | Found a corrupted altar of Lugonu.
   257 | D        | Found a burning altar of Makhleb.
   258 | D        | Found a sparkling altar of Nemelex Xobeh.
   259 | D        | Found an iron altar of Okawaru.
   260 | D        | Found a stormy altar of Qazlal.
   261 | D        | Found a sacrificial altar of Ru.
   262 | D        | Found a shimmering blue altar of Sif Muna.
   263 | D        | Found a bloodstained altar of Trog.
   264 | D        | Found a hide-covered altar of Uskayaw.
   265 | D        | Found a radiant altar of Vehumet.
   266 | D        | Found an ornate altar of the Wu Jian Council.
   267 | D        | Found a shimmering altar of Xom.
   268 | D        | Found a basalt altar of Yredelemnul.
   269 | D        | Found a glowing silver altar of Zin.
   270 | D        | Found a glowing golden altar of the Shining One.
   403 | D        | Noticed a kobold brigand
   403 | D        | Noticed a shadow
   403 | D        | Noticed a wraith
   403 | D        | Noticed a yak
   403 | D        | Noticed a komodo dragon
   406 | D        | Killed a kobold brigand
   407 | D        | Reached skill level 8 in Long Blades
   407 | D        | Reached skill level 1 in Stealth
   407 | D        | Reached XP level 6. HP: 56/56 MP: 6/6
   409 | D        | Killed a shadow
   409 | D        | Reached **** piety under Trog
   410 | D        | Reached skill level 9 in Long Blades
   410 | D        | Reached skill level 5 in Dodging
   410 | D        | Reached XP level 7. HP: 64/64 MP: 7/7
   417 | D        | Killed a wraith
   418 | D        | Reached skill level 10 in Long Blades
   423 | D        | Reached skill level 10 in Fighting
   425 | D        | Killed a yak
   426 | D        | Reached skill level 5 in Armour
   427 | D        | Killed a komodo dragon
   427 | D        | Reached ***** piety under Trog
   428 | D        | Reached skill level 11 in Long Blades
   428 | D        | Reached skill level 1 in Evocations
   428 | D        | Reached XP level 8. HP: 29/75 MP: 8/8
   540 | D        | Noticed a slime creature
   540 | D        | Noticed an efreet
   540 | D        | Noticed a meliai
   540 | D        | Noticed a tengu conjurer
   540 | D        | Noticed a gargoyle
   553 | D        | Killed a slime creature
   560 | D        | Noticed a guardian serpent
   560 | D        | a meliai changed into a guardian serpent
   561 | D        | Killed an efreet
   562 | D        | Reached skill level 12 in Long Blades
   562 | D        | Reached XP level 9. HP: 55/82 MP: 9/9
   564 | D        | Killed a tengu conjurer
   566 | D        | Killed a guardian serpent
   567 | D        | Reached skill level 13 in Long Blades
   572 | D        | Killed a gargoyle
   899 | D        | Noticed a rime drake
   899 | D        | Noticed a komodo dragon
   899 | D        | Noticed a polar bear
   969 | D        | Killed a rime drake
   972 | D        | Reached XP level 10. HP: 92/92 MP: 10/10
   976 | D        | Noticed a komodo dragon
   981 | D        | Killed a komodo dragon
   982 | D        | Reached skill level 14 in Long Blades
   991 | D        | Killed a komodo dragon
   991 | D        | Received a gift from Trog
  1280 | D        | Noticed a cane toad
  1280 | D        | Noticed a komodo dragon
  1291 | D        | Killed a cane toad
  1292 | D        | Noticed a cane toad
  1293 | D        | Killed a komodo dragon
  1294 | D        | Reached skill level 15 in Long Blades
  1298 | D        | Reached ****** piety under Trog
  1303 | D        | Received a gift from Trog
  1307 | D        | Killed a cane toad
  1308 | D        | Reached skill level 10 in Armour
  1308 | D        | Reached XP level 11. HP: 95/101 MP: 11/11
  1343 | D        | Noticed a lindwurm
  2016 | D        | Received a gift from Trog
  2023 | D        | Killed a lindwurm
  2024 | D        | Reached skill level 15 in Fighting
  2024 | D        | Reached skill level 16 in Long Blades
  2202 | D        | Noticed Josephine
  2218 | D        | Killed Josephine
  2521 | D        | Reached skill level 17 in Long Blades
  2528 | D        | Identified the +4 battleaxe of Uncomfortable Rashes
                  | {vorpal, Str+2} (Trog gifted it to you in the Dungeon)
  2528 | D        | Received a gift from Trog
  2529 | D        | Noticed an orc high priest
  2547 | D        | Noticed a sun demon
  2549 | D        | Noticed a sun demon
  2553 | D        | Slain by a sun demon

Illustrated notes

Levels and vault maps discovered:
D:        linesprint [early_d, line_temple, items_1, d_10, items_2, lair_1,
          lair_end, items_3, orc_1, orc_end, items_4, d_15, swamp_1, shoals_1,
          snake_1, spider_1, d_20, vaults_1, items_5, swamp_end, shoals_end,
          snake_end, spider_end, vaults_end, d_27, items_6, zot_1, zot_end,
          crypt_end, forest_end, elf_end, slime_end, tomb_end, abyss_end,
          pan_hell_end]

Skill      XL: |  1  2  3  4  5  6  7  8  9 10 11 |
---------------+----------------------------------+-----
Long Blades    | 4 5 6 7 8 9 11 12 13 15 17 | 17.0
Fighting       | 4 6 7 9 11 12 13 14 15 | 15.5
Armour         | 3 4 5 6 7 10 11 | 11.2
Dodging        | 3 4 5 6 7 8 |  8.6
Stealth        | 1 2 3 4 |  4.0
Evocations     | 1 2 3 |  3.9

Action                   |  1- 3 |  4- 6 |  7- 9 | 10-12 || total
-------------------------+-------+-------+-------+-------++-------
Melee: Falchion          |    22 |     6 |       |       ||    28
       Scimitar          |       |     5 |    43 |    20 ||    68
       Punch             |       |       |     1 |       ||     1
       Great sword       |       |       |       |   141 ||   141
Invok: Berserk           |     2 |     1 |     2 |     5 ||    10
       Brothers in Arms  |       |       |     1 |       ||     1
Evoke: Wand              |       |       |     4 |     2 ||     6
  Use: Potion            |       |       |       |     1 ||     1
Armor: Animal skin       |       |     1 |       |       ||     1
       Chain mail        |       |       |    21 |    56 ||    77
Dodge: Dodged            |    11 |     4 |    18 |    64 ||    97

Table legend: (Time is in decaauts)
 A = Elapsed time spent in this place.
 B = Non-inter-level travel time spent in this place.
 C = Inter-level travel time spent in this place.
 D = Time resting spent in this place.
 E = Time spent auto-exploring this place.
 F = Levels seen in this place.
 G = Mean time per level.
                   A        B        C        D        E       F      G
               +--------+--------+--------+--------+--------+-----+--------+
         Total |   2600 |   2600 |      0 |   1512 |    608 |   1 | 2600.0 |
       Dungeon |   2600 |   2600 |      0 |   1512 |    608 |   1 | 2600.0 |
               +--------+--------+--------+--------+--------+-----+--------+

Top non-repeatable levels by time:
       D: 2600 daAuts
